 Dungeon Crawl Stone Soup version 0.30-a0-475-g03497ec522 (webtiles) character file.

Game seed: 7594702552751567251

80 kae the Firebug (level 4, 0/24 HPs)
             Began as a Tengu Fire Elementalist on Dec 20, 2022.
             Slain by a shadow imp (4 damage)
             ... summoned by Natasha
             ... on level 2 of the Dungeon.
             The game lasted 00:01:21 (2041 turns).

kae the Firebug (Tengu Fire Elementalist)           Turns: 2041, Time: 00:01:22

Health: 0/24       AC:  2    Str:  8    XL:     4   Next: 39%
Magic:  8/8        EV: 12    Int: 23    God:
Gold:   90         SH:  0    Dex: 15    Spells: 2/8 levels left

rFire   . . .      SeeInvis .    (no weapon)
rCold   . . .      Faith    .    (no shield)
rNeg    . . .      Spirit   .    a - +0 robe
rPois   .          Reflect  .    (helmet restricted)
rElec   .          Harm     .    (no cloak)
rCorr   .          Rampage  .    (no gloves)
Will    .....                    (boots unavailable)
Stlth   ++........               (no amulet)
HPRegen 0.24/turn                I - +6 ring of intelligence
MPRegen 0.11/turn                (no ring)

@: about to teleport
A: beak, talons 3
a: no special abilities


You were on level 2 of the Dungeon.
You visited 1 branch of the dungeon, and saw 3 of its levels.

You collected 90 gold pieces.


Innate Abilities, Weirdness & Mutations

You have a beak for a mouth.
You have claws for feet.


   Skills:
 - Level 2.1 Dodging
 - Level 2.0 Stealth
 + Level 2.5 Spellcasting
 * Level 3.5 Conjurations
 * Level 4.3 Fire Magic


You had 2 spell levels left.
You knew the following spells:

 Your Spells              Type           Power      Damage    Failure   Level
a - Foxfire               Conj/Fire      84%        2x1d8     2%          1
b - Scorch                Fire           44%        2d7       3%          2
c - Inner Flame           Hex/Fire       12%        N/A       16%         3

Your spell library contained the following spells:

 Spells                   Type           Power      Damage    Failure   Level
 Kindle Blastsparks       Fire/Tloc/Air  18%        2d11      21%         3
 Flame Wave               Conj/Fire      21%        2d8       24%         4
 Iskenderun's Battlesphe  Conj           19%        2d7       61%         5
 Iron Shot                Conj/Erth      5%         9d2       100%        6
 Spellforged Servitor     Conj/Summ      5%         N/A       100%        7

Inventory:

Missiles
 f - 19 stones
Armour
 a - a +0 robe (worn)
Jewellery
 I - a +6 ring of intelligence (left hand)
   (You found it on level 1 of the Dungeon)
Wands
 i - a wand of digging (2)
   (You found it on level 2 of the Dungeon)
Scrolls
 c - a scroll of identify {@r1}
 e - a scroll of magic mapping {unknown}
 h - a scroll of blinking {unknown}
Potions
 b - a potion of magic
 d - 2 potions of brilliance

Dungeon Overview and Level Annotations

Branches:
Dungeon (3/15) Zot: 15952

Altars:

Annotations:
D:2 Natasha, Terence

#......#................ ..
.#"......................
..$.........................
............................
....#.......................
..........................
...##.## ....##.##....##
#.#...###.###...#......
#.'.⌠.@5###...⌠.+......
#.#...5.........#......
.<.###..h5<.)..###....#.
..... ###.....###........
...h.#. ##.⌠.## #........
...#... ###.....###........
#......###....<....###......
#......#.............#......
.......⌠...###...⌠.......#


You could see Natasha, a crimson imp (summoned), a white imp (summoned) and a
shadow imp (summoned).


Message History

😮 HP[-6] MP[-1]
You take 6 damage, and now have 13/19 hp.
MASSIVE DAMAGE!! (PAUSE)
You lost 1 mp, and now have 3/7 mp.
Casting: Foxfire (safe; 2% risk of failure)
Confirm with . or Enter, or press ? or * to list all spells.
You conjure some foxfire!
Natasha closely misses you. The shadow imp misses you.
Natasha stares at you and mumbles some strange words.
The magic dart hits you!
* * * LOW HITPOINT WARNING * * *
The shadow imp hits you but does no damage.
The foxfire hits the shadow imp.
You kill the shadow imp!
The shadow imp disappears in a puff of smoke!
The foxfire hits Natasha.
You kill Natasha!
Natasha screams in pain as she dies!
You have reached level 4!
You feel agile. 😨 HP[-6]
You now have 24 max hp (+5).
You take 6 damage, and now have 7/24 hp.
MASSIVE DAMAGE!! (PAUSE)
There is an open door here.
You feel yourself speed up.
There is an escape hatch in the ceiling here. 😨 HP[+4] MP[+1]
You regained 4 hp, and now have 11/24 hp.
You start resting. 😮 HP[+2] MP[+2]
You regained 2 hp, and now have 13/24 hp.
You regained 2 mp, and now have 6/8 mp.
You open the door.
Found a stone staircase leading up. 😎 HP[+11] MP[+2]
Your hp is fully restored (24).
Your mp is fully restored (8).
An endoplasm comes into view.
There is an open door here.
An endoplasm is nearby!
Casting: Foxfire (safe; 2% risk of failure)
Confirm with . or Enter, or press ? or * to list all spells.
You conjure some foxfire!
The foxfire hits the endoplasm!
You kill the endoplasm! 😎 MP[-1]
You lost 1 mp, and now have 7/8 mp.
There is a dry fountain here.
You start resting. 😎 MP[+1]
Your mp is fully restored (8).
Natasha, Servant of Life and Death comes into view.
Casting: Foxfire (safe; 2% risk of failure)
Confirm with . or Enter, or press ? or * to list all spells.
You conjure some foxfire! 😎 MP[-1]
You lost 1 mp, and now have 7/8 mp.
You start resting. 😎 MP[+1]
Your mp is fully restored (8).
You start waiting.
Done waiting.
Unknown command.
What are your orders? t - Shout!
Orders for allies: a - Attack new target. r - Retreat! s - Stop attacking. g - Guard the area. f - Follow me.
Anything else - Cancel.
You shout for attention!
You hear an angry hiss.
Unknown command.
You start waiting.
Natasha is nearby!
Natasha casts a spell.
Natasha mumbles some strange words.
The shadow imp gestures at you. Pain shoots through your body! 😮 HP[-6]
You take 6 damage, and now have 18/24 hp.
MASSIVE DAMAGE!! (PAUSE)
As you read the scroll labelled EXAILO HEWAECANT, it crumbles to dust.
You feel strangely unstable.
It was a scroll of teleportation.
Natasha misses you. The white imp gestures at you. The puff of frost hits you!
* * * LOW HITPOINT WARNING * * *
The shadow imp hits you but does no damage. 😨 HP[-9]
You take 9 damage, and now have 9/24 hp.
MASSIVE DAMAGE!! (PAUSE) Unknown command.
Natasha attacks as you move away! Natasha claws you.
* * * LOW HITPOINT WARNING * * *
Natasha mumbles some strange words.
The white imp misses you. 😱 HP[-5]
You take 5 damage, and now have 4/24 hp.
MASSIVE DAMAGE!! (PAUSE)
The shadow imp attacks as you move away!
The shadow imp hits you.
You die...

Skill      XL: |  1  2  3 |
---------------+----------+-----
Conjurations   | 2 3 |  3.5
Fire Magic     | 4 |  4.3
Dodging        | |  2.1
Stealth        | |  2.0
Spellcasting   | |  2.5

Action                   |  1- 3 |  4- 6 || total
-------------------------+-------+-------++-------
 Cast: Foxfire           |    88 |     2 ||    90
  Use: Scroll            |     2 |     1 ||     3
Armor: Robe              |     3 |     1 ||     4
Dodge: Dodged            |    13 |     2 ||    15

Levels and vault maps discovered:
D:1:      lemuel_arrival_room, layout_basic, st_stairs_8
D:2:      layout_rooms, dreamdust_ecumenical_altar_grove,
          hangedman_decor_clover_reticule, grunt_ministairs_13,
          uniq_crazy_yiuf_cottage, uniq_natasha, uniq_terence
D:3:      layout_loops_ring, tso_altar

Notes
Turn   | Place    | Note
-------+----------+-------------------------------------------
     0 | D:1      | kae the Tengu Fire Elementalist began the quest for the
                  | Orb.
     0 | D:1      | Reached XP level 1. HP: 10/10 MP: 4/4
     0 | D:1      | magus.rc [v1.11.3]
   189 | D:1      | Reached skill level 2 in Conjurations
   189 | D:1      | Reached XP level 2. HP: 15/15 MP: 1/6
   904 | D:1      | Reached XP level 3. HP: 19/19 MP: 4/7
   907 | D:1      | Learned a level 2 spell: Scorch
   911 | D:1      | Learned a level 3 spell: Inner Flame
  1432 | D:2      | You pick up a book of Power and begin reading...
  1432 | D:2      | You add the spells Iskenderun's Battlesphere, Iron Shot and
                  | Spellforged Servitor to your library.
  1489 | D:2      | You fall into a shaft and drop 1 floor!
  1527 | D:2      | Reached skill level 4 in Fire Magic
  1577 | D:2      | Found a faded altar of an unknown god.
  1577 | D:2      | Noticed Terence
  1621 | D:2      | Reached skill level 3 in Conjurations
  1828 | D:2      | Noticed Natasha
  1839 | D:2      | Killed Natasha
  1840 | D:2      | Reached XP level 4. HP: 7/24 MP: 3/8
  1918 | D:2      | Noticed Natasha
  2040 | D:2      | HP: 4/24 [Natasha (5)]
  2041 | D:2      | Slain by a shadow imp

Vanquished Creatures
  Natasha (D:2)
  An adder (D:2)
  2 dart slugs
  4 endoplasms
  2 giant cockroaches (D:1)
  8 goblins
  5 hobgoblins
  3 kobolds
  5 ball pythons
  5 bats
  3 frilled lizards
  A rat (D:1)
40 creatures vanquished.

Vanquished Creatures (collateral kills)
  A foxfire (D:2)
1 creature vanquished.

Vanquished Creatures (others)
  145 foxfires
145 creatures vanquished.

Grand Total: 186 creatures vanquished

Table legend:
 A = Non-vault XP
 B = Vault XP
 C = Vault XP percentage of total XP
 D = Non-vault monster count
 E = Vault monster count
 F = Vault count percentage of total count
                 A         B        C        D         E       F
            +---------+---------+-------+---------+---------+-------
      Total |      74 |      41 |  35.7 |      35 |       5 |  12.5
            +---------+---------+-------+---------+---------+-------
        D:1 |      40 |       3 |   7.0 |      23 |       2 |   8.0
        D:2 |      34 |      38 |  52.8 |      12 |       3 |  20.0
            +---------+---------+-------+---------+---------+-------

Illustrated notes

Table legend:
 A = Kills in this place as a percentage of kills in entire the game.
 B = Kills by you in this place as a percentage of kills by you in the entire game.
 C = Kills by friends in this place as a percentage of kills by friends in the entire game.
 D = Other kills in this place as a percentage of other kills in the entire game.
 E = Experience gained in this place as a percentage of experience gained in the entire game.
 F = Experience gained in this place divided by the number of levels of this place that you have seen.
                   A       B       C       D       E      F
               +-------+-------+-------+-------+-------+----------------------
         Total | 100.0 | 100.0 |   N/A |   N/A | 100.0 |  38.3
       Dungeon | 100.0 | 100.0 |   N/A |   N/A | 100.0 |  38.3
               +-------+-------+-------+-------+-------+----------------------

Table legend: (Time is in decaauts)
 A = Elapsed time spent in this place.
 B = Non-inter-level travel time spent in this place.
 C = Inter-level travel time spent in this place.
 D = Time resting spent in this place.
 E = Time spent auto-exploring this place.
 F = Levels seen in this place.
 G = Mean time per level.
                   A        B        C        D        E       F      G
               +--------+--------+--------+--------+--------+-----+--------+
         Total |   2047 |   2005 |     42 |    127 |   1591 |   3 |  682.3 |
       Dungeon |   2047 |   2005 |     42 |    127 |   1591 |   3 |  682.3 |
               +--------+--------+--------+--------+--------+-----+--------+

Top non-repeatable levels by time:
     D:1: 1395 daAuts
     D:2: 645 daAuts
     D:3: 6 daAuts
